 Dungeon Crawl Stone Soup version 0.24.1-8-ga250c9d538 (webtiles) character file.

Game seed: 6607737130692155424, levelgen mode: deterministic

41 lepoulpe303 the Firebug (level 3, 0/19 HPs)
             Began as a Deep Elf Fire Elementalist on Apr 30, 2020.
             Succumbed to an adder's poison
             ... on level 2 of the Dungeon.
             The game lasted 00:03:59 (886 turns).

lepoulpe303 the Firebug (Deep Elf Fire Elementalist) Turns: 886, Time: 00:04:00

Health: 0/19       AC:  2    Str:  5    XL:     3   Next: 32%
Magic:  5/10       EV: 13    Int: 20    God:
Gold:   42         SH:  0    Dex: 15    Spells: 6/9 levels left

rFire    . . .     SeeInvis .   g - +0 short sword
rCold    . . .     Gourm    .   (no shield)
rNeg     . . .     Faith    .   a - +0 robe
rPois    .         Spirit   .   (no helmet)
rElec    .         Reflect  .   (no cloak)
rCorr    .         Harm     .   (no gloves)
MR       .....                  (no boots)
Stlth    ++........             (no amulet)
HPRegen  0.06/turn              (no ring)
MPRegen  0.12/turn              (no ring)

@: lethally poisoned (0 -> -4)
A: no striking features
a: no special abilities


You were on level 2 of the Dungeon.
You were not hungry.

You visited 1 branch of the dungeon, and saw 2 of its levels.

You collected 42 gold pieces.

Inventory:

Hand Weapons
 g - a +0 short sword (weapon)
Armour
 a - a +0 robe (worn)
Scrolls
 b - a scroll of remove curse {unknown}
 d - a scroll of noise {unknown}
 f - 3 scrolls of identify {unknown}
Comestibles
 c - 6 chunks of flesh
 e - 2 rations


   Skills:
 + Level 0.0 Short Blades
 + Level 2.6 Dodging
 + Level 2.9 Stealth
 * Level 3.7 Spellcasting
 * Level 1.8 Conjurations
 * Level 3.8 Fire Magic


You had 6 spell levels left.
You knew the following spells:

 Your Spells              Type           Power        Failure   Level  Hunger
a - Flame Tongue          Conj/Fire      ###..        4%          1    None
x - Throw Flame           Conj/Fire      ###...       6%          2    ##.....

Your spell library contained the following spells:

 Spells                   Type           Power        Failure   Level  Hunger
 Conjure Flame            Conj/Fire      ###.....     12%         3    ###....
 Inner Flame              Hex/Fire       ##......     19%         3    ###....
 Sticky Flame             Conj/Fire      ###.....     38%         4    ####...
 Fireball                 Conj/Fire      ###.......   75%         5    ######.


Dungeon Overview and Level Annotations

Branches:
Dungeon (1/15)

Altars:


Message History

* * * LOW HITPOINT WARNING * * *
You take 1 damage, and have 5/19 hp.
* * * LOW HITPOINT WARNING * * *
You feel sick. The bat hits you but does no damage.
You take 1 damage, and have 4/19 hp.
Okay, then.
The bat closely misses you. x2
* * * LOW HITPOINT WARNING * * *
You feel sick. The bat misses you.
You take 1 damage, and have 3/19 hp.
The bat hits you.
* * * LOW HITPOINT WARNING * * *
You take 1 damage, and have 2/19 hp.
* * * LOW HITPOINT WARNING * * *
You feel sick. The bat hits you but does no damage.
You see here a rat skeleton.
You take 1 damage, and have 1/19 hp.
You aren't carrying any potions.
The bat closely misses you. The bat hits you but does no damage.
You die...

.#
#.........#
.#
#.........#
##
#####..####
#.># ##.#
#.# #.#
#.#########
#.#...@.b.#
#.#.#####S#
#.#.# #.#
#.#.# #S#
#.#.# #g#
## #.#.#
#.# #.#.#.#
#...#
#.##g......
##### #...#
#.#.......>


You could see an adder and a bat.

Levels and vault maps discovered:
D:1:      psy_arrival_basics, layout_basic, hangedman_feature_mirror,
          minmay_tetromino_l4
D:2:      layout_basic, marbit_many_paths, first_ration, st_stairs_8,
          uniq_terence

Notes
Turn   | Place    | Note
-------+----------+-------------------------------------------
     0 | D:1      | lepoulpe303 the Deep Elf Fire Elementalist began the quest
                  | for the Orb.
     0 | D:1      | Reached XP level 1. HP: 10/10 MP: 6/6
   237 | D:1      | Identified a cursed +0 club
   245 | D:1      | Reached XP level 2. HP: 15/15 MP: 4/8
   250 | D:1      | Learned a level 2 spell: Throw Flame
   573 | D:1      | Identified a +0 dagger
   687 | D:1      | Identified a +0 dagger
   760 | D:1      | You fall into a shaft and drop 1 floor!
   790 | D:2      | Reached XP level 3. HP: 19/19 MP: 6/10
   808 | D:2      | Identified a +0 short sword
   870 | D:2      | Identified a +0 club
   870 | D:2      | Identified a +0 hunting sling
   880 | D:2      | HP: 4/19 [poisoned by an adder]
   884 | D:2      | HP: 1/19 [poisoned by an adder]
   886 | D:2      | Succumbed to an adder's poison

Table legend:
 A = Turns spent in this place as a percentage of turns spent in the entire game.
 B = Non-inter-level travel turns spent in this place as a percentage of non-inter-level travel turns spent in the entire game.
 C = Inter-level travel turns spent in this place as a percentage of turns spent in this place.
 D = Turns resting spent in this place as a percentage of non-inter-level travel turns spent in this place.
 E = Turns spent auto-exploring this place as a percentage of non-inter-level travel turns spent in this place.
 F = Non-inter-level travel turns spent in this place divided by the number of levels of this place that you've seen.
                   A       B       C       D       E      F
               +-------+-------+-------+-------+-------+----------------------
         Total | 100.0 | 100.0 |   0.0 |  38.8 |  33.6 | 443.0
       Dungeon | 100.0 | 100.0 |   0.0 |  38.8 |  33.6 | 443.0
               +-------+-------+-------+-------+-------+----------------------

Table legend:
 A = Kills in this place as a percentage of kills in entire the game.
 B = Kills by you in this place as a percentage of kills by you in the entire game.
 C = Kills by friends in this place as a percentage of kills by friends in the entire game.
 D = Other kills in this place as a percentage of other kills in the entire game.
 E = Experience gained in this place as a percentage of experience gained in the entire game.
 F = Experience gained in this place divided by the number of levels of this place that you have seen.
                   A       B       C       D       E      F
               +-------+-------+-------+-------+-------+----------------------
         Total | 100.0 | 100.0 |   N/A |   N/A | 100.0 |  29.5
       Dungeon | 100.0 | 100.0 |   N/A |   N/A | 100.0 |  29.5
               +-------+-------+-------+-------+-------+----------------------

Action                   || total
-------------------------++-------
Melee: Short sword       ||     1
 Cast: Flame Tongue      ||    55
 Stab: Sleeping          ||     1
Armor: Robe              ||    15
Dodge: Dodged            ||    53

Vanquished Creatures
  An adder (D:2)
  A dart slug (D:1)
  A leopard gecko (D:2)
  5 bats
  6 jackals (D:1)
  3 goblins (D:1)
  4 kobolds
  9 rats
30 creatures vanquished.
